 Dungeon Crawl Stone Soup version 0.30-a0-591-g3c58d2bc28 (webtiles) character file.

Game seed: 3287159898146552449

8354 Angani the Thaumaturge (level 11, 0/86 HPs)
             Began as a Purple Draconian Reaver on Jan 6, 2023.
             Was a Priest of Jiyva.
             Slain by a centaur warrior
             ... wielding a +1 demon blade of venom
              (3 damage)
             ... on level 8 of the Dungeon.
             The game lasted 00:20:27 (6211 turns).

Angani the Thaumaturge (Purple Draconian Reaver)    Turns: 6211, Time: 00:20:28

Health: 0/86       AC:  8    Str: 19    XL:     11   Next: 8%
Magic:  18/25      EV: 11    Int: 21    God:    Jiyva [***...]
Gold:   293        SH:  0    Dex:  8    Spells: 22/30 levels left

rFire   . . .      SeeInvis .    n - +10 quarterstaff of Deflation {freeze, Int+4}
rCold   + . .      Faith    .    (shield currently unavailable)
rNeg    . . .      Spirit   .    (body armour unavailable)
rPois   .          Reflect  .    (helmet restricted)
rElec   .          Harm     .    (no cloak)
rCorr   +          Rampage  .    m - +0 pair of gloves
Will    +....                    (no boots)
Stlth   +                        (no amulet)
HPRegen 1.46/turn                u - ring of wizardry
MPRegen 0.54/turn                y - ring of protection from cold

@: lethally poisoned (0 -> -5), radiating poison
A: breathe power, AC +7, unfitting armour, cold-blooded, claws 1, screaming 1,
strong 1, MP-powered wands, noise suppression
a: Breathe Dispelling Energy, Renounce Religion, Oozemancy


You were on level 8 of the Dungeon.
You worshipped Jiyva.
Jiyva was most pleased with you.
You visited 1 branch of the dungeon, and saw 8 of its levels.
You also visited: Bailey.

You collected 293 gold pieces.

Inventory:

Hand Weapons
 f - a +2 short sword of draining
 i - a +2 dagger of venom
 n - the +10 quarterstaff of Deflation (weapon) {freeze, Int+4}
   (You found it on level 8 of the Dungeon)

   Int:       It affects your intelligence (+4).
 q - a +0 bardiche
 z - the +12 dagger of Articulation {flame, rN+ Will- Dex+4 SInv}
   (You took it off a vampire on level 8 of the Dungeon)

   Dex:       It affects your dexterity (+4).
   rN:        It protects you from negative energy.
   SInv:      It lets you see invisible.
   Will:      It decreases your willpower.
Missiles
 b - 2 poisoned darts
 t - 10 throwing nets
Armour
 m - a +0 pair of gloves (worn)
Magical Staves
 o - a staff of earth
 v - a staff of poison
 x - a staff of fire
Jewellery
 u - a ring of wizardry (left hand)
 y - a ring of protection from cold (right hand)
Wands
 r - a wand of quicksilver (11)
 w - a wand of polymorph (5)
Scrolls
 a - 2 scrolls of teleportation
 c - a scroll of amnesia
 d - 3 scrolls of vulnerability
 g - 3 scrolls of enchant armour {unknown}
 h - 2 scrolls of fog {unknown}
 j - 3 scrolls of fear {unknown}
 k - a scroll of magic mapping
 l - 2 scrolls of blinking {unknown}
 p - a scroll of torment
 s - a scroll of acquirement {unknown}
Potions
 e - 2 potions of brilliance


   Skills:
 + Level 5.1 Fighting
 - Level 3.0 Short Blades
 - Level 1.7 Dodging
 - Level 10.2 Spellcasting
 - Level 5.3 Conjurations
 - Level 2.0 Air Magic
 + Level 9.7 Poison Magic
 + Level 9.8 Evocations


You had 22 spell levels left.
You knew the following spells:

 Your Spells              Type           Power      Damage    Failure   Level
b - Momentum Strike       Conj/Tloc      42%        3d9       1%          2
c - Poisonous Vapours     Pois/Air       70%        N/A       1%          2
d - Olgreb's Toxic Radia  Pois           51%        N/A       1%          4

Your spell library contained the following spells:

 Spells                   Type           Power      Damage    Failure   Level
 Kiss of Death            Conj/Necr      84%        2d11      1%          1
 Magic Dart               Conj           100%       1d8       1%          1
 Sting                    Tmut/Pois      100%       1d8       1%          1
 Cigotuvi's Dreadful Rot  Necr/Pois/Air  54%        N/A       1%          2
 Mephitic Cloud           Conj/Pois/Air  34%        N/A       1%          3
 Slow                     Hex            40%        N/A       2%          1
 Hailstorm                Conj/Ice       21%        3d6       2%          3
 Call Imp                 Summ           10%        N/A       4%          2
 Confusing Touch          Hex            10%        N/A       8%          3
 Vampiric Draining        Necr           10%        2d6       8%          3
 Dispel Undead            Necr           10%        3d9       26%         4
 Death Channel            Necr           5%         N/A       98%         6


Dungeon Overview and Level Annotations

Branches:
Dungeon (8/15)             Temple (0/1) D:4            Lair (0/5) D:8
 Bailey (visited)

Altars:
Cheibriados
Elyvilon
Kikubaaqudgha
Nemelex Xobeh
Trog
Jiyva

Annotations:
D:7 flight


Innate Abilities, Weirdness & Mutations

You can breathe bolts of dispelling energy.
Your rich purple scales are hard. (AC +7)
You cannot fit into any form of body armour.
You are cold-blooded and may be slowed by cold attacks.
You have sharp fingernails.
You occasionally shout uncontrollably at your foes.
Your muscles are strong. (Str +4, Int/Dex -1)
You expend magic power (3 MP) to strengthen your wands.
You passively dampen the noise of your surroundings.


Message History

An orc comes into view. It is wielding a +0 hand axe.
The orc shouts!
You hear a shout!
The centaur warrior unwields a +0 shortbow.
The centaur warrior wields a +1 demon blade of venom.
It begins to drip with poison!
The centaur warrior hits you with a +1 demon blade of venom!
* * * LOW HITPOINT WARNING * * *
You are poisoned.
The centaur warrior kicks you but does no damage.
An orc comes into view. It is wielding a +0 club.
Casting: Olgreb's Toxic Radiance (safe; 1% risk of failure)
Press: ? - help, Q - select action, (/) - cycle Dir - look around, f - activate You begin to radiate toxic energy.
The centaur warrior looks even sicker.
The orc priest is poisoned.
The orc is poisoned. x2
The orc priest looks even sicker.
You feel very sick.
You kill the orc!
The centaur warrior hits you with a +1 demon blade of venom!
* * * LOW HITPOINT WARNING * * *
You are lethally poisoned!
The centaur warrior kicks you but does no damage.
Unknown command.
Unknown command.
Unknown command.
Unknown command.
Okay, then.
Okay, then.
Casting: Olgreb's Toxic Radiance (safe; 1% risk of failure)
Confirm with . or Enter, or press ? or * to list all spells.
Okay, then.
Casting: Olgreb's Toxic Radiance (safe; 1% risk of failure)
Press: ? - help, Q - select action, (/) - cycle Dir - look around, f - activate Your toxic radiance grows in intensity.
The centaur warrior looks even sicker.
You kill the orc priest!
You kill the orc!
* * * LOW HITPOINT WARNING * * *
You feel very sick. The centaur warrior barely misses you.
The centaur warrior kicks you.
You die...

*#.#* #[...## #.
#######.#######.#.## #####.
#).o..).##........# ##.....
#.#####)##.####..## ##..###.
***,**##...######..# #..## #.
**,,,,##.....##.....# #.## ##
**,***,#.......##.#..# #.# #
*,** **#..P...)#....#####.######
*,* #......Pc@##..##....#..##.
*,** *#.........##..#.#.###.#.#.
**,**#.....>........#..#...#..#.
**,,.#.........##..###.....#.#.
**,,,#........†###.'.#.....#.'.
**,,,,.#.......#....#.#.....###.
*,,,,,,#.......#....#..#.J.#.J#.
*,,,,,,##.....##....#.#.###.#.#.
*,,,,,,*##...###....##..#....##.


You could see a centaur warrior (very poisoned).

Vanquished Creatures
  A boulder beetle (D:8)
  A two-headed ogre (D:8)
  An orc knight (D:8)
  Pikel (D:6)
  A moth of wrath (D:8)
  A cyclops (D:8)
  An ugly thing (D:6)
  A troll (D:8)
  A shadow (D:8)
  A vampire (D:8)
  Grum (Bailey)
  An acid dragon (D:8)
  4 wargs (D:8)
  Duvessa (D:7)
  6 orc warriors
  3 sky beasts
  An ogre (D:6)
  6 wolves (Bailey)
  3 centaurs
  3 lemures (D:6)
  A bullfrog (D:7)
  2 kobold brigands
  7 gnoll sergeants (Bailey)
  A necrophage (D:4)
  Dowan (D:7)
  A wight (D:6)
  5 killer bees
  An electric eel (D:7)
  5 hounds
  7 orc priests
  10 gnoll boudas
  2 iguanas
  5 orc wizards
  14 adders
  30 gnolls
  A shadow imp (D:8)
  2 white imps
  2 ufetubi
  3 worms
  A dart slug (D:3)
  30 orcs
  2 endoplasms (D:1)
  A giant cockroach (D:2)
  5 hobgoblins
  4 jackals
  11 kobolds
  3 quokkas
  7 ball pythons
  3 bats (D:1)
  7 goblins
  7 rats
220 creatures vanquished.

Vanquished Creatures (others)
  A slime creature (D:8)
  An orc warrior (D:8)
  15 jellies
  3 orc wizards
  A gnoll (D:5)
  An adder (D:3)
  A white imp (D:8)
  5 orcs
  A giant cockroach (D:2)
  A goblin (D:3)
  A jackal (D:3)
  A plant (D:8)
32 creatures vanquished.

Grand Total: 252 creatures vanquished

Notes
Turn   | Place    | Note
-------+----------+-------------------------------------------
     0 | D:1      | Angani the Draconian Reaver began the quest for the Orb.
     0 | D:1      | Reached XP level 1. HP: 17/17 MP: 3/3
   202 | D:1      | Reached XP level 2. HP: 20/24 MP: 5/5
   403 | D:1      | Found a faded altar of an unknown god.
   416 | D:1      | Prayed at the altar of an unknown god.
   416 | D:1      | Became a worshipper of Jiyva Jacepuat the Shapeless
   416 | D:1      | Reached * piety under Jiyva
   753 | D:1      | Learned a level 2 spell: Momentum Strike
   797 | D:2      | Reached XP level 3. HP: 27/29 MP: 7/7
   809 | D:2      | Reached ** piety under Jiyva
   847 | D:2      | Learned a level 2 spell: Poisonous Vapours
   892 | D:2      | Reached skill level 3 in Spellcasting
   892 | D:2      | Reached XP level 4. HP: 36/36 MP: 8/8
   897 | D:2      | Learned a level 4 spell: Olgreb's Toxic Radiance
  1340 | D:3      | Reached skill level 1 in Air Magic
  1340 | D:3      | Reached skill level 1 in Poison Magic
  1494 | D:3      | Found a snail-covered altar of Cheibriados.
  1494 | D:3      | Found a white marble altar of Elyvilon.
  1494 | D:3      | Found a sparkling altar of Nemelex Xobeh.
  1500 | D:3      | Reached *** piety under Jiyva
  1549 | D:3      | Gained mutation: Your mind is acute. (Int +4, Str/Dex -1)
                  | [Jiyva's grace]
  1549 | D:3      | Gained mutation: Your mind is very acute. (Int +8, Str/Dex
                  | -2) [Jiyva's grace]
  1549 | D:3      | Gained mutation: You are robust. (+10% HP) [Jiyva's grace]
  1549 | D:3      | Gained mutation: You are very robust. (+20% HP) [Jiyva's
                  | grace]
  1554 | D:3      | Reached XP level 5. HP: 48/49 MP: 9/9
  2106 | D:4      | Found a staircase to the Ecumenical Temple.
  2123 | D:4      | Reached **** piety under Jiyva
  2619 | D:5      | Entered Level 5 of the Dungeon
  2676 | D:5      | Reached XP level 6. HP: 57/57 MP: 11/11
  2835 | D:5      | Reached skill level 4 in Spellcasting
  2841 | D:5      | Reached skill level 5 in Conjurations
  2922 | D:5      | Your scales start taking on a rich purple colour.
  2922 | D:5      | Reached skill level 5 in Spellcasting
  2922 | D:5      | Reached XP level 7. HP: 66/66 MP: 14/14
  3378 | D:6      | Reached skill level 1 in Evocations
  3400 | D:6      | Lost mutation: Your mind is very acute. (Int +8, Str/Dex
                  | -2) [Jiyva's grace]
  3400 | D:6      | Lost mutation: You are very robust. (+20% HP) [Jiyva's
                  | grace]
  3400 | D:6      | Lost mutation: You are robust. (+10% HP) [Jiyva's grace]
  3400 | D:6      | Gained mutation: Your muscles are strong. (Str +4, Int/Dex
                  | -1) [Jiyva's grace]
  3400 | D:6      | Gained mutation: Your muscles are very strong. (Str +8,
                  | Int/Dex -2) [Jiyva's grace]
  3400 | D:6      | Gained mutation: You are strong-willed. (Will+) [Jiyva's
                  | grace]
  3400 | D:6      | Gained mutation: You are highly strong-willed. (Will++)
                  | [Jiyva's grace]
  3545 | D:6      | Reached ***** piety under Jiyva
  3574 | D:6      | Lost mutation: You are highly strong-willed. (Will++)
                  | [potion of mutation]
  3574 | D:6      | Lost mutation: You are strong-willed. (Will+) [potion of
                  | mutation]
  3574 | D:6      | Lost mutation: Your mind is acute. (Int +4, Str/Dex -1)
                  | [potion of mutation]
  3574 | D:6      | Gained mutation: You have hidden genetic defects. [potion
                  | of mutation]
  3574 | D:6      | Gained mutation: You are frail. (-10% HP) [potion of
                  | mutation]
  3577 | D:6      | Reached skill level 6 in Spellcasting
  3589 | D:6      | Gained mutation: You do not regenerate when monsters are
                  | visible. [hidden defects]
  3600 | D:6      | Lost mutation: You are frail. (-10% HP) [potion of
                  | mutation]
  3600 | D:6      | Lost mutation: You do not regenerate when monsters are
                  | visible. [potion of mutation]
  3600 | D:6      | Lost mutation: Your muscles are very strong. (Str +8,
                  | Int/Dex -2) [potion of mutation]
  3600 | D:6      | Gained mutation: You expend magic power (3 MP) to
                  | strengthen your wands. [potion of mutation]
  3600 | D:6      | Gained mutation: You passively dampen the noise of your
                  | surroundings. [potion of mutation]
  3600 | D:6      | Gained mutation: You have sharp fingernails. [potion of
                  | mutation]
  3680 | D:6      | Reached XP level 8. HP: 61/61 MP: 15/17
  3686 | D:6      | Gained mutation: You occasionally shout uncontrollably at
                  | your foes. [hidden defects]
  3686 | D:6      | Lost mutation: You have hidden genetic defects. [hidden
                  | defects expressed]
  3983 | D:6      | Reached skill level 5 in Poison Magic
  4054 | D:6      | Noticed a purple ugly thing
  4058 | D:6      | Reached skill level 7 in Spellcasting
  4059 | D:6      | Killed a purple ugly thing
  4060 | D:6      | Reached skill level 5 in Evocations
  4276 | D:7      | Noticed Pikel
  4309 | D:6      | Killed Pikel
  4310 | D:6      | Reached skill level 8 in Spellcasting
  4310 | D:6      | Reached XP level 9. HP: 7/67 MP: 16/21
  4470 | D:7      | Noticed Dowan
  4472 | D:7      | Noticed Duvessa
  4485 | D:7      | Killed Duvessa
  4486 | D:7      | Killed Dowan
  5035 | D:8      | Noticed a two-headed ogre
  5041 | D:8      | Reached skill level 9 in Spellcasting
  5043 | D:8      | Killed a two-headed ogre
  5044 | D:8      | Reached XP level 10. HP: 35/73 MP: 18/23
  5072 | D:8      | Found a flagged portal.
  5086 | Bailey   | Entered a bailey
  5208 | Bailey   | Noticed Grum
  5219 | Bailey   | Killed Grum
  5248 | Bailey   | Reached skill level 10 in Spellcasting
  5535 | D:8      | Found an ancient bone altar of Kikubaaqudgha.
  5609 | D:8      | Noticed a moth of wrath
  5625 | D:8      | Killed a moth of wrath
  5649 | D:8      | Found a bloodstained altar of Trog.
  5664 | D:8      | Identified the +1 whip "Dexuh" {protect, rN+ rCorr MP-9
                  | Dex+3}
  5665 | D:8      | Identified the +10 quarterstaff of Deflation {freeze,
                  | Int+4}
  5785 | D:8      | Noticed an orc knight
  5795 | D:8      | Killed an orc knight
  5901 | D:8      | Noticed a cyclops
  5904 | D:8      | Killed a cyclops
  5907 | D:8      | Identified the +12 dagger of Articulation {flame, rN+ Will-
                  | Dex+4 SInv}
  5959 | D:8      | Noticed a boulder beetle
  5971 | D:8      | Killed a boulder beetle
  5972 | D:8      | Reached skill level 5 in Fighting
  5972 | D:8      | Reached XP level 11. HP: 39/86 MP: 14/25
  6173 | D:8      | Found a staircase to the Lair.
  6196 | D:8      | Noticed a centaur warrior
  6211 | D:8      | HP: 3/86 [poisoned by a centaur warrior]
  6211 | D:8      | Slain by a centaur warrior

Illustrated notes

Levels and vault maps discovered:
D:1:      reono_arrival_mine, layout_basic,
          hellmonk_ecumenical_altar_slurped_away
D:2:      layout_rooms
D:3:      layout_loops_corners, gammafunk_temple_overflow_claw,
          due_unseen_surprise
D:4:      layout_rooms, minmay_temple_entry_steel_oval, glass_columns_a,
          nicolae_titane
D:5:      layout_basic
D:6:      layout_cave_pods, minmay_divided_ellipse
D:7:      layout_cave_pools, kennysheep_cross_bottleneck, water_maze_lemuel,
          uniq_duvessa, uniq_pikel
D:8:      minmay_the_grid_plus_closed [minmay_the_grid_eight,
          minmay_the_grid_armoury, minmay_the_grid_outer_circle,
          minmay_the_grid_spin_star, minmay_the_grid_prize_shrinking_boxes],
          layout_loops_cross, grunt_temple_overflow_magic_moments, tgw_trog,
          erik_lair_orcish_takeover, enter_bailey_5, nzn_life_drinkers

Skill      XL: |  1  2  3  4  5  6  7  8  9 10 |
---------------+-------------------------------+-----
Spellcasting   | 3 5 6 8 9 10 | 10.2
Conjurations   | 4 5 |  5.3
Air Magic      | 1 2 |  2.0
Poison Magic   | 1 2 3 4 6 7 9 |  9.7
Evocations     | 3 5 7 9 |  9.8
Fighting       | 5 |  5.1
Short Blades   | |  3.0
Dodging        | |  1.7

Action                   |  1- 3 |  4- 6 |  7- 9 | 10-12 || total
-------------------------+-------+-------+-------+-------++-------
Melee: Short sword       |   126 |   115 |       |       ||   241
       Tailslap          |    11 |    16 |    32 |     3 ||    62
       Dagger            |       |    63 |   300 |    18 ||   381
       Punch             |       |     1 |     4 |       ||     5
       Quarterstaff      |       |       |       |    26 ||    26
Throw: Dart              |     3 |    26 |    35 |       ||    64
 Cast: Olgreb's Toxic Ra |       |       |     2 |    50 ||    52
Invok: Oozemancy         |       |     2 |     6 |     1 ||     9
 Abil: Breathe Dispellin |       |       |     9 |     3 ||    12
Evoke: Wand              |       |       |     6 |    11 ||    17
  Use: Potion            |       |     4 |     6 |       ||    10
       Scroll            |       |     4 |     1 |     2 ||     7
Armor: Skin              |    42 |    54 |   128 |    29 ||   253
Dodge: Dodged            |    64 |    66 |   151 |    44 ||   325

Table legend: (Time is in decaauts)
 A = Elapsed time spent in this place.
 B = Non-inter-level travel time spent in this place.
 C = Inter-level travel time spent in this place.
 D = Time resting spent in this place.
 E = Time spent auto-exploring this place.
 F = Levels seen in this place.
 G = Mean time per level.
                   A        B        C        D        E       F      G
               +--------+--------+--------+--------+--------+-----+--------+
         Total |   6142 |   6008 |    134 |    453 |   3795 |   9 |  682.4 |
       Dungeon |   5711 |   5577 |    134 |    282 |   3795 |   8 |  713.9 |
        Bailey |    431 |    431 |      0 |    171 |      0 |   1 |  431.0 |
               +--------+--------+--------+--------+--------+-----+--------+

Top non-repeatable levels by time:
     D:6: 1040 daAuts
     D:3: 832 daAuts
     D:8: 813 daAuts
     D:1: 742 daAuts
     D:7: 725 daAuts
     D:4: 605 daAuts
     D:5: 553 daAuts
  Bailey: 431 daAuts
     D:2: 399 daAuts
